[Event "Titled Tuesday Blitz March 07 Early 2023"]
[White "Maksimenko, Viktor"]
[Black "Vokhidov, Shamsiddin"]
[WhiteFideId "13710478"]
[BlackFideId "14204223"]
[WhiteElo "2277"]
[BlackElo "2570"]
[Result "1-0"]
[Round "02"]
[TimeControl "180+2"]
[Date "2023.03.07"]
[WhiteClock "0:02:23"]
[BlackClock "0:01:50"]

1. d4 Nf6 2. c4 c5 3. d5 g6 4. Nc3 d6 5. e4 Bg7 6. h3 e6 7. Nf3 exd5 8. exd5 O-O 9. Bd3 Re8+ 10. Be3 Rxe3+ 11. fxe3 Qe7 12. O-O Nbd7 13. Qd2 Ne5 14. Nxe5 Qxe5 15. Rf3 Bd7 16. Raf1 Rf8 17. Qf2 Bh6 18. Kh1 Nh5 19. g4 Re8 20. gxh5 Qxh5 21. Ne4 Rxe4 22. Bxe4 Bxh3 23. Qh2 1-0


[Site "https://www.chess.com"]

[Event "Titled Tuesday Blitz March 07 Early 2023"]
[White "Sekar, B"]
[Black "Yilmaz, Mustafa"]
[WhiteFideId "5043743"]
[BlackFideId "6302718"]
[WhiteElo "2258"]
[BlackElo "2523"]
[Result "0-1"]
[Round "02"]
[TimeControl "180+2"]
[Date "2023.03.07"]
[WhiteClock "0:00:12"]
[BlackClock "0:01:08"]

1. e4 c5 2. Nf3 d6 3. d4 cxd4 4. Nxd4 Nf6 5. Nc3 a6 6. Be2 e5 7. Nb3 Be7 8. O-O O-O 9. Re1 Be6 10. Bf3 Nbd7 11. a4 Qc7 12. Be3 Nb6 13. Nd2 Rac8 14. h3 h6 15. a5 Nbd7 16. Nf1 Rfd8 17. Ng3 b5 18. axb6 Nxb6 19. Rxa6 Nc4 20. Ra7 Nxe3 21. Rxc7 Nxd1 22. Rxc8 Rxc8 23. Rxd1 Rb8 24. b3 Rc8 25. Nge2 Ra8 26. Nd5 Bxd5 27. exd5 e4 28. Bg4 h5 29. Bf5 g6 0-1


[Site "https://www.chess.com"]

[Event "Titled Tuesday Blitz March 07 Early 2023"]
[White "Mitrabha, Guha"]
[Black "Ozates, Tuna"]
[WhiteFideId "5057000"]
[BlackFideId "6354521"]
[WhiteElo "2507"]
[BlackElo "2151"]
[Result "1-0"]
[Round "02"]
[TimeControl "180+2"]
[Date "2023.03.07"]
[WhiteClock "0:00:54"]
[BlackClock "0:00:01"]

1. d4 Nf6 2. Nf3 d5 3. Bf4 c5 4. e3 Nc6 5. Nbd2 cxd4 6. exd4 Bf5 7. Nb3 e6 8. a4 Bd6 9. Bxd6 Qxd6 10. Bd3 Bxd3 11. Qxd3 O-O 12. O-O Rfc8 13. c3 Rab8 14. Qe2 Qc7 15. Nc5 Re8 16. Rfe1 Nd7 17. Nd3 a6 18. g3 b5 19. axb5 axb5 20. b4 Nf6 21. Nc5 Qd6 22. Ra6 Rec8 23. Rea1 h6 24. Ne5 Rc7 25. Ra8 Rxa8 26. Rxa8+ Kh7 27. Qxb5 Nxe5 28. dxe5 Qxe5 29. Qb8 Qe1+ 30. Kg2 Rxc5 31. bxc5 Qe4+ 32. Kf1 Qh1+ 33. Ke2 Qe4+ 34. Kd2 Qc4 35. Qb1+ Ne4+ 36. Ke1 Qxc3+ 37. Kf1 Qf3 38. Qc2 Qh1+ 39. Ke2 Qxh2 40. Ke3 Qg1 41. c6 Qe1+ 42. Kf3 f5 43. c7 Qh1+ 44. Ke2 Qg2 45. Ke3 Qf1 46. c8=Q 1-0


[Site "https://www.chess.com"]

[Event "Titled Tuesday Blitz March 07 Early 2023"]
[White "Budisavljevic, Luka"]
[Black "Talibov, Shiroghlan"]
[WhiteFideId "960047"]
[BlackFideId "13429078"]
[WhiteElo "2424"]
[BlackElo "2218"]
[Result "0-1"]
[Round "02"]
[TimeControl "180+2"]
[Date "2023.03.07"]
[WhiteClock "0:01:09"]
[BlackClock "0:01:48"]

1. d4 g6 2. Bf4 Bg7 3. e3 d6 4. Nf3 Nc6 5. Be2 Nf6 6. h3 O-O 7. O-O Re8 8. c3 Ne4 9. Bh2 e5 10. d5 Ne7 11. Nbd2 Nxd2 12. Qxd2 h6 13. c4 b6 14. Kh1 a5 15. g4 f5 16. gxf5 Bxf5 17. Rg1 Rf8 18. Nh4 Qd7 19. Bg4 Bxg4 20. Rxg4 g5 21. Ng2 Rf3 22. Rg3 Rxg3 23. Bxg3 Qxh3+ 24. Kg1 Rf8 25. a3 Nf5 26. Bh2 e4 27. Rb1 Nh4 28. Nxh4 gxh4 29. Kh1 Qf3+ 30. Kg1 h3 0-1


[Site "https://www.chess.com"]

[Event "Titled Tuesday Blitz March 07 Early 2023"]
[White "Klose, Eli"]
[Black "Perez Ponsa, Federico"]
[WhiteFideId "16242955"]
[BlackFideId "117927"]
[WhiteElo "2576"]
[BlackElo "2592"]
[Result "0-1"]
[Round "02"]
[TimeControl "180+2"]
[Date "2023.03.07"]
[WhiteClock "0:00:07"]
[BlackClock "0:00:03"]

1. e4 c5 2. Nc3 Nc6 3. g3 g6 4. Bg2 Bg7 5. d3 d6 6. f4 e6 7. Nf3 Nge7 8. O-O O-O 9. Be3 b6 10. Qd2 d5 11. exd5 exd5 12. Bf2 d4 13. Nb5 Bb7 14. a4 Nf5 15. Rfe1 Qd7 16. Na3 Rfe8 17. Nc4 f6 18. Rxe8+ Rxe8 19. Re1 Nb4 20. Rxe8+ Qxe8 21. g4 Qa8 22. Qe2 Ne3 23. Bxe3 dxe3 24. Nxe3 Qe8 25. Kf2 Qxa4 26. c3 Nd5 27. Nc4 Qd7 28. Qd2 Bh6 29. g5 fxg5 30. fxg5 Bg7 31. Qe2 Nf4 32. Qe3 Nxd3+ 33. Kg1 b5 34. Ncd2 c4 35. Ne4 Bxe4 36. Qxe4 Nxb2 37. Ne5 Bxe5 38. Qxe5 Qd1+ 39. Bf1 Qg4+ 40. Kh1 Qd7 41. Bg2 Qd1+ 42. Bf1 Qxf1# 0-1


[Site "https://www.chess.com"]

[Event "Titled Tuesday Blitz March 07 Early 2023"]
[White "Rustemov, Alexander"]
[Black "Crevatin, Leo"]
[WhiteFideId "4119002"]
[BlackFideId "1726307"]
[WhiteElo "2891"]
[BlackElo "2190"]
[Result "1/2-1/2"]
[Round "02"]
[TimeControl "180+2"]
[Date "2023.03.07"]
[WhiteClock "0:00:14"]
[BlackClock "0:00:37"]

1. d4 Nf6 2. c4 e6 3. Nf3 d5 4. Bg5 h6 5. Bxf6 Qxf6 6. e3 g6 7. Nc3 c6 8. Be2 Nd7 9. O-O Bg7 10. Qc2 O-O 11. Rfd1 Qe7 12. Rac1 b6 13. e4 dxe4 14. Nxe4 Nf6 15. c5 Nxe4 16. Qxe4 Bd7 17. Ne5 Rfc8 18. b4 Be8 19. Bf3 Rab8 20. g3 a5 21. a3 axb4 22. axb4 bxc5 23. bxc5 Rb4 24. Rb1 Qb7 25. Kg2 h5 26. h4 Qb5 27. Rxb4 Qxb4 28. Rb1 Qc3 29. Qe3 Qxe3 30. fxe3 Bxe5 31. dxe5 Kf8 32. Rb6 Rd8 33. Bxc6 Bxc6+ 34. Rxc6 Rd5 35. Kf3 Rxe5 36. Rc8+ Ke7 37. Rc7+ Ke8 38. e4 f5 39. exf5 Rxf5+ 40. Ke4 Rd5 41. c6 Kd8 42. Rg7 Rc5 43. Rxg6 Rxc6 44. Ke5 Ke7 45. Rg7+ Kf8 46. Rh7 Kg8 47. Rh6 Kf7 48. Rf6+ Ke7 49. Rg6 Rc5+ 50. Ke4 Rc4+ 51. Kf3 Rc5 52. Rh6 Kf7 53. Ke4 Ra5 54. Kf4 Rf5+ 55. Ke4 Ra5 56. Kf3 Rf5+ 57. Kg2 Ra5 58. Kf3 Rf5+ 59. Ke3 Re5+ 60. Kd4 Rd5+ 61. Ke4 Ra5 1/2-1/2


[Site "https://www.chess.com"]

[Event "Titled Tuesday Blitz March 07 Early 2023"]
[White "Derix, Bernhard"]
[Black "Madaminov, Mukhiddin"]
[WhiteFideId "4642368"]
[BlackFideId "14210703"]
[WhiteElo "2574"]
[BlackElo "2511"]
[Result "1/2-1/2"]
[Round "02"]
[TimeControl "180+2"]
[Date "2023.03.07"]
[WhiteClock "0:00:12"]
[BlackClock "0:00:18"]

1. e4 e5 2. Nf3 Nc6 3. Bb5 a6 4. Bxc6 dxc6 5. O-O f6 6. d4 exd4 7. Nxd4 c5 8. Nb3 Qxd1 9. Rxd1 Bd6 10. Na5 b5 11. c4 Ne7 12. Be3 Be6 13. Nd2 Rb8 14. Rac1 Kf7 15. Ndb3 bxc4 16. Nxc4 Rhd8 17. Nba5 Rb5 18. b3 Rd7 19. f4 Nc8 20. f5 Bxc4 21. Nxc4 Ke7 22. g3 Nb6 23. Kg2 Rb4 24. Kf3 Nxc4 25. Rxc4 Rxc4 26. bxc4 Rd8 27. Rb1 Kd7 28. h4 Kc6 29. g4 Be5 30. Ke2 h6 31. Rb3 Re8 32. g5 hxg5 33. hxg5 fxg5 34. Bxg5 Rh8 35. Rf3 Rh5 36. Be7 Bd4 37. f6 gxf6 38. Bxf6 Rh2+ 39. Kd3 Rxa2 40. e5 Ra3+ 41. Ke4 Rxf3 42. Kxf3 Kd7 43. Ke4 Ke6 44. Bg5 Bxe5 45. Bd2 Bd4 46. Ba5 Kd6 47. Kd3 Kc6 48. Ke4 Bb2 49. Kd3 Ba3 50. Bc3 Bb4 51. Be5 a5 52. Kc2 a4 53. Kb2 Ba5 54. Ka3 Bb6 55. Kxa4 Kb7 56. Kb5 c6+ 57. Ka4 Kc8 58. Bf4 Kd7 59. Be3 Ke6 60. Kb3 Ke5 61. Bf2 Ke4 62. Bg1 Kd3 63. Bf2 Ba7 64. Bg1 Ke2 65. Bh2 Bb6 66. Bd6 Kd3 67. Bb8 Bd8 68. Bd6 Kd4 69. Bf8 Bf6 70. Bd6 Be5 71. Bf8 Bc7 72. Be7 Bb6 73. Bf6+ Ke4 74. Be7 Ke5 75. Bf8 Ke6 76. Bh6 Bc7 77. Be3 Bd6 78. Bf2 Kf5 79. Bg1 Ke4 80. Bf2 Kf3 81. Be1 Be5 82. Ba5 Ke4 83. Bb6 Bd6 84. Bd8 Kf5 85. Bb6 Ke6 86. Ba5 Kd7 87. Bc3 Bc7 88. Bd2 Ke6 89. Be1 Kf5 90. Bd2 Ke4 91. Bc3 Bf4 92. Ba5 Be3 93. Bd8 Bd4 94. Be7 Ke5 95. Bf8 Ke6 96. Bh6 Kf5 97. Bd2 Ke4 98. Be1 Be3 99. Ba5 Bf4 100. Bb6 Bd6 101. Ba5 Bb8 102. Be1 Bf4 103. Bf2 Be3 104. Bg3 Kf5 105. Be1 Bd4 106. Ba5 Ke4 1/2-1/2


[Site "https://www.chess.com"]

[Event "Titled Tuesday Blitz March 07 Early 2023"]
[White "Gabdrakhmanov, Azat"]
[Black "Volkov, Sergey"]
[WhiteFideId "34189197"]
[BlackFideId "4122763"]
[WhiteElo "2266"]
[BlackElo "2401"]
[Result "0-1"]
[Round "02"]
[TimeControl "180+2"]
[Date "2023.03.07"]
[WhiteClock "0:00:06"]
[BlackClock "0:00:47"]

1. e4 e6 2. d4 d5 3. e5 c5 4. c3 Qb6 5. Nf3 Bd7 6. a3 Bb5 7. c4 Bxc4 8. Bxc4 dxc4 9. d5 Qb3 10. O-O Qxd1 11. Rxd1 exd5 12. Rxd5 Nd7 13. Bg5 h6 14. Bh4 g5 15. Bg3 Ne7 16. Rd1 Nc6 17. Nbd2 g4 18. Nh4 Ndxe5 19. Ne4 Be7 20. Nf5 b6 21. Rd5 f6 22. Nfd6+ Kf8 23. Rad1 h5 24. Bh4 Rh6 25. Nf5 Rg6 26. Nxe7 Kxe7 27. Rd6 Rf8 28. Kf1 Nd4 29. f4 gxf3 30. gxf3 Nf5 0-1


[Site "https://www.chess.com"]

[Event "Titled Tuesday Blitz March 07 Early 2023"]
[White "Zakhartsov, Vladimir"]
[Black "Tarhan, Adar"]
[WhiteFideId "4145097"]
[BlackFideId "34544712"]
[WhiteElo "2521"]
[BlackElo "2220"]
[Result "1-0"]
[Round "02"]
[TimeControl "180+2"]
[Date "2023.03.07"]
[WhiteClock "0:00:22"]
[BlackClock "0:00:05"]

1. d4 Nf6 2. c4 e6 3. Nf3 b6 4. a3 Bb7 5. Nc3 g6 6. Qd3 Bg7 7. e4 d5 8. cxd5 exd5 9. e5 Ne4 10. Be2 O-O 11. O-O c5 12. dxc5 Nxc5 13. Qd1 d4 14. Bg5 Qe8 15. Nb5 d3 16. Bxd3 Nxd3 17. Qxd3 Ba6 18. a4 Nc6 19. Rfe1 Rc8 20. Qd5 Nb4 21. Qb3 Nc2 22. Nd6 Nxa1 23. Rxa1 Qc6 24. Nxc8 Rxc8 25. h3 Bc4 26. Qe3 Bd5 27. Nd4 Qc5 28. Bf6 Bf8 29. Rd1 Qb4 30. Nf5 gxf5 31. Qg5+ 1-0


[Site "https://www.chess.com"]

[Event "Titled Tuesday Blitz March 07 Early 2023"]
[White "Aizpurua, Patrick Emilio"]
[Black "Zhigalko, Sergei"]
[WhiteFideId "6600522"]
[BlackFideId "13502956"]
[WhiteElo "2378"]
[BlackElo "2626"]
[Result "0-1"]
[Round "02"]
[TimeControl "180+2"]
[Date "2023.03.07"]
[WhiteClock "0:00:12"]
[BlackClock "0:00:18"]

1. d4 Nf6 2. c4 e6 3. Nf3 b6 4. g3 Ba6 5. b3 Bb4+ 6. Bd2 Be7 7. Bg2 c6 8. O-O d5 9. cxd5 cxd5 10. Nc3 Nc6 11. a3 Na5 12. Re1 O-O 13. Ne5 Rc8 14. e3 Bd6 15. f4 Qe7 16. a4 Bb4 17. Rc1 Ba3 18. Rb1 Bb4 19. Rc1 Rc7 20. Bf1 Bxf1 21. Rxf1 Rfc8 22. Nb1 Rxc1 23. Bxc1 Ne4 24. f5 f6 25. Nd3 Bd6 26. fxe6 Qxe6 27. Ba3 Bxa3 28. Nxa3 Nc3 29. Qf3 Nxb3 30. Nf4 Qd7 31. Re1 Nd2 32. Qh5 g6 33. Qh6 Nf3+ 34. Kf2 Nxe1 35. Kxe1 Ne4 36. Nb5 a6 0-1


[Site "https://www.chess.com"]

[Event "Titled Tuesday Blitz March 07 Early 2023"]
[White "Papp, Levente"]
[Black "Narayanan, Srinath"]
[WhiteFideId "751243"]
[BlackFideId "5018420"]
[WhiteElo "2380"]
[BlackElo "2438"]
[Result "0-1"]
[Round "02"]
[TimeControl "180+2"]
[Date "2023.03.07"]
[WhiteClock "0:00:01"]
[BlackClock "0:00:03"]

1. b3 e5 2. Bb2 Nc6 3. c4 Nf6 4. Nc3 d5 5. cxd5 Nxd5 6. g3 Be6 7. Bg2 Be7 8. Nf3 O-O 9. O-O Nb6 10. Rc1 f6 11. Ne4 Rf7 12. d4 exd4 13. Nxd4 Nxd4 14. Qxd4 Qxd4 15. Bxd4 Ba3 16. Rcd1 c6 17. Bc5 Bxc5 18. Nxc5 Re7 19. Rd4 Bf7 20. e3 Rae8 21. Rfd1 Nd5 22. Bxd5 Bxd5 23. e4 Bxe4 24. Nxe4 Rxe4 25. Rxe4 Rxe4 26. Rd7 Rb4 27. Kf1 h5 28. h4 a5 29. Ke2 b5 30. Ra7 a4 31. bxa4 Rb2+ 32. Kd3 Rxa2 33. a5 Rxf2 34. Kd4 Rf3 35. Kc5 Rxg3 36. Re7 Rc3+ 37. Kb6 b4 38. a6 Ra3 39. Re8+ Kf7 40. Rb8 g5 41. hxg5 fxg5 42. a7 h4 43. Kb7 h3 44. a8=Q Rxa8 45. Kxa8 g4 46. Rxb4 g3 47. Rf4+ Ke6 48. Rf3 h2 49. Rxg3 h1=Q 50. Kb7 Qd5 51. Rg6+ Kf7 52. Rxc6 Ke7 53. Kb6 Qb3+ 54. Kc7 Qb4 55. Rb6 Qc5+ 56. Kb7 Kd7 57. Ra6 Qb5+ 58. Rb6 Qd5+ 59. Ka7 Kc7 60. Rc6+ Kxc6 0-1


[Site "https://www.chess.com"]

[Event "Titled Tuesday Blitz March 07 Early 2023"]
[White "Yeletsky, Ivan"]
[Black "Janaszak, Dawid"]
[WhiteFideId "24180327"]
[BlackFideId "1119206"]
[WhiteElo "2414"]
[BlackElo "2220"]
[Result "0-1"]
[Round "02"]
[TimeControl "180+2"]
[Date "2023.03.07"]
[WhiteClock "0:00:05"]
[BlackClock "0:00:09"]

1. d4 d5 2. c4 e6 3. Nf3 Nf6 4. Bf4 Bd6 5. e3 O-O 6. Nc3 Bxf4 7. exf4 b6 8. Qc2 Bb7 9. O-O-O Nc6 10. Ne5 Na5 11. cxd5 Nxd5 12. Bd3 f5 13. g3 Nb4 14. Qe2 Bxh1 15. Rxh1 Nxd3+ 16. Qxd3 c5 17. d5 exd5 18. Nxd5 c4 19. Qd4 Rc8 20. Rd1 Qd6 21. Qe3 Qe6 22. Qa3 Rfe8 23. h4 Nc6 24. Nf3 h6 25. Ne3 Red8 26. Rxd8+ Rxd8 27. Qc3 Qe4 28. Qxc4+ Qxc4+ 29. Nxc4 Nd4 30. Nfe5 b5 31. Ne3 Nc6 32. Nxc6 Rc8 33. Nxf5 Rxc6+ 34. Kd2 Kf7 35. Nd4 Rd6 36. Ke3 a6 37. h5 Rd7 38. g4 Rc7 39. Kd2 Rc4 40. Kd3 Rc1 41. Nf3 Rf1 42. Ne5+ Ke8 43. f3 Ke7 44. Kc3 Ke6 45. b3 Ra1 46. Kb2 Rf1 47. Kc3 Kd5 48. Kb4 Ra1 49. a4 bxa4 50. bxa4 Kd4 51. Ka5 Ke3 52. g5 Kxf4 53. gxh6 gxh6 54. Nf7 Kxf3 55. Nxh6 Kf4 56. Nf7 Kf5 57. Nd6+ Kg5 58. Nb7 Kxh5 59. Nc5 Kg5 60. Nxa6 Kf6 61. Nc5 Ke7 62. Kb6 Kd6 63. a5 Rb1+ 64. Ka7 Kxc5 65. a6 Kb5 66. Kb7 Ka5+ 67. Ka7 Rb6 0-1


[Site "https://www.chess.com"]

[Event "Titled Tuesday Blitz March 07 Early 2023"]
[White "Belov, Alexei"]
[Black "Bharath Subramaniyam H"]
[WhiteFideId "4128206"]
[BlackFideId "46634827"]
[WhiteElo "2561"]
[BlackElo "2395"]
[Result "1-0"]
[Round "02"]
[TimeControl "180+2"]
[Date "2023.03.07"]
[WhiteClock "0:00:17"]
[BlackClock "0:00:09"]

1. e4 c5 2. Nf3 Nf6 3. e5 Nd5 4. d4 cxd4 5. Nxd4 e6 6. c4 Nc7 7. Nc3 Nc6 8. Nxc6 bxc6 9. Bd3 Be7 10. Qg4 g6 11. Bh6 d5 12. exd6 Qxd6 13. O-O-O e5 14. Qe2 Ne6 15. Rhe1 Rb8 16. Qxe5 Qxe5 17. Rxe5 Bf6 18. Re2 Bxc3 19. bxc3 f6 20. f4 Kf7 21. Be4 Rb6 22. Rd6 c5 23. Rxb6 axb6 24. f5 gxf5 25. Bd5 Re8 26. Rb2 Kg6 27. Bd2 Nc7 28. Rxb6 Nxd5 29. cxd5 Re2 30. d6 Be6 31. Rb7 Re5 32. Bf4 Rd5 33. a4 c4 34. Rb5 Rd3 35. Kc2 Bd7 36. Rb4 Rd5 37. Rxc4 Kf7 38. Rc7 Ke6 39. c4 Ra5 40. c5 Bxa4+ 41. Kc3 Ra6 42. Re7+ Kd5 43. d7 Ra8 44. Bc7 Bxd7 45. Rxd7+ Kxc5 46. Rxh7 Ra3+ 47. Kb2 Re3 48. g3 Kd5 49. Bf4 Rf3 50. Rd7+ Ke6 51. Rd6+ Kf7 52. h4 Kg6 53. Be5 Kh5 54. Rxf6 Kg4 55. Bf4 Rf2+ 56. Kc3 Rh2 57. Kd4 Re2 58. Rg6+ Kf3 59. Rg5 Re4+ 60. Kd5 1-0


[Site "https://www.chess.com"]

[Event "Titled Tuesday Blitz March 07 Early 2023"]
[White "Ilinca Ilinca, Felix Antonio"]
[Black "Movahed, Sina"]
[WhiteFideId "54764998"]
[BlackFideId "42520835"]
[WhiteElo "2031"]
[BlackElo "2225"]
[Result "1-0"]
[Round "02"]
[TimeControl "180+2"]
[Date "2023.03.07"]
[WhiteClock "0:00:15"]
[BlackClock "0:00:13"]

1. c4 Nf6 2. Nc3 g6 3. e4 d6 4. d4 Bg7 5. Be2 O-O 6. Be3 Nc6 7. d5 Ne5 8. f4 Neg4 9. Bd2 b5 10. cxb5 e6 11. Bxg4 Nxg4 12. Qxg4 exd5 13. Qg5 Qe8 14. Qxd5 Rb8 15. Nf3 Bb7 16. Qc4 c6 17. O-O cxb5 18. Qd3 Qd7 19. Rad1 Rfe8 20. Nd5 Rbc8 21. Bc3 Rxc3 22. Nxc3 b4 23. Nd5 a5 24. Kh1 Bxb2 25. Rb1 Bg7 26. Rfe1 Bc6 27. Qa6 Ra8 28. Qb6 Bxd5 29. exd5 Bc3 30. Red1 Kg7 31. Qc6 Qd8 32. a3 Rc8 33. Qa4 Rc4 34. axb4 axb4 35. Rdc1 Qf6 36. Qd7 Rxf4 37. Rf1 h5 38. h3 Be5 39. Nd2 Rf2 40. Rxf2 Qxf2 41. Nf3 Bf4 42. Qb5 Qg3 43. Qxb4 Be3 44. Qc3+ Kg8 45. Qxe3 h4 46. Rb8+ Kg7 47. Qd4+ f6 48. Qxh4 Qxh4 49. Nxh4 1-0


[Site "https://www.chess.com"]

[Event "Titled Tuesday Blitz March 07 Early 2023"]
[White "Harsha Bharathakoti"]
[Black "Migot, Tangi"]
[WhiteFideId "5078776"]
[BlackFideId "662445"]
[WhiteElo "2481"]
[BlackElo "2554"]
[Result "1-0"]
[Round "02"]
[TimeControl "180+2"]
[Date "2023.03.07"]
[WhiteClock "0:01:31"]
[BlackClock "0:00:03"]

1. Nf3 d6 2. e4 c5 3. d4 cxd4 4. Nxd4 Nf6 5. Nc3 Nc6 6. Bg5 e6 7. Qd2 a6 8. O-O-O Bd7 9. f4 h6 10. Bxf6 Qxf6 11. Nf3 g5 12. g3 gxf4 13. gxf4 h5 14. e5 Qf5 15. exd6 Bh6 16. Kb1 Qxf4 17. Qe2 Qe3 18. Ne4 Qxe2 19. Nf6+ Kd8 20. Bxe2 Bg7 21. Ne4 Ne5 22. Rhg1 Nxf3 23. Rxg7 Ne5 24. Rdg1 Bc6 25. Nf6 Rf8 26. Rg8 Nd7 27. Rxf8+ Nxf8 28. Rg8 1-0


[Site "https://www.chess.com"]

[Event "Titled Tuesday Blitz March 07 Early 2023"]
[White "Strahov, Andrej"]
[Black "Rakhmatullaev, Almas"]
[WhiteFideId "4165489"]
[BlackFideId "14205793"]
[WhiteElo "2553"]
[BlackElo "2221"]
[Result "1-0"]
[Round "02"]
[TimeControl "180+2"]
[Date "2023.03.07"]
[WhiteClock "0:00:36"]
[BlackClock "0:00:02"]

1. e4 e5 2. Nf3 Nf6 3. d4 Nxe4 4. dxe5 d5 5. Bd3 Nc5 6. Be2 Be7 7. O-O O-O 8. Be3 Ne6 9. c4 dxc4 10. Bxc4 Nd7 11. Qe2 Nb6 12. Rd1 Qe8 13. Bd3 Bd7 14. Nc3 Bc6 15. Rac1 Rd8 16. Bb1 Rxd1+ 17. Rxd1 Qc8 18. Nd4 Nxd4 19. Rxd4 Rd8 20. Rg4 Qe6 21. f4 Qc4 22. Qc2 g6 23. b3 Qb4 24. h3 Bc5 25. Bxc5 Qxc5+ 26. Kh2 Qe3 27. Ne4 Rd4 28. Nf6+ Kg7 29. Nh5+ Kh8 30. Qc5 Nd7 31. Qe7 Qf2 32. Qxf7 1-0


[Site "https://www.chess.com"]

[Event "Titled Tuesday Blitz March 07 Early 2023"]
[White "Harsh Suresh"]
[Black "Borrmann, Laurenz"]
[WhiteFideId "45018464"]
[BlackFideId "312187930"]
[WhiteElo "2227"]
[BlackElo "2312"]
[Result "0-1"]
[Round "02"]
[TimeControl "180+2"]
[Date "2023.03.07"]
[WhiteClock "0:00:05"]
[BlackClock "0:00:10"]

1. c4 e5 2. Nc3 Bb4 3. Nd5 a5 4. a3 Bc5 5. e3 c6 6. Nc3 Nf6 7. d4 exd4 8. exd4 Bb6 9. Nf3 O-O 10. Be2 d5 11. O-O Be6 12. c5 Bc7 13. Bg5 Nbd7 14. b4 Qb8 15. Bd3 Bg4 16. h3 Bh5 17. b5 Re8 18. Rb1 Qc8 19. bxc6 bxc6 20. Re1 h6 21. Bd2 Rxe1+ 22. Qxe1 Bxf3 23. gxf3 Nf8 24. Bf1 Ne6 25. Ne2 Ng5 26. Bxg5 hxg5 27. Qd2 Qf5 28. Rb3 Nh5 29. Bg2 Re8 30. Rb7 Bf4 31. Qd1 Qe6 32. Bf1 Bb8 33. Qb1 Qc8 34. Qb6 Nf4 35. Ng3 g6 36. Kh2 Kg7 37. Qb4 Rh8 38. Qb3 Nxh3 39. Bxh3 Qxh3+ 40. Kg1 Bxg3 41. fxg3 Qxg3+ 42. Kf1 Rh1+ 43. Ke2 Re1+ 44. Kd2 Qf2+ 45. Kc3 Re3# 0-1


[Site "https://www.chess.com"]

[Event "Titled Tuesday Blitz March 07 Early 2023"]
[White "Sovetov, Oleksandr"]
[Black "Yuan, Qingyu"]
[WhiteFideId "34105786"]
[BlackFideId "8609772"]
[WhiteElo "2551"]
[BlackElo "2359"]
[Result "0-1"]
[Round "02"]
[TimeControl "180+2"]
[Date "2023.03.07"]
[WhiteClock "0:00:08"]
[BlackClock "0:00:25"]

1. Nf3 d5 2. e3 Nf6 3. c4 e6 4. b3 Be7 5. Bb2 O-O 6. Nc3 dxc4 7. Bxc4 a6 8. O-O b5 9. Be2 Bb7 10. a4 b4 11. Nb1 Nbd7 12. a5 c5 13. d3 Rc8 14. Nbd2 Nd5 15. Nc4 Bf6 16. Nfe5 Nxe5 17. Nxe5 Qc7 18. Nc4 Nc3 19. Qc2 Rcd8 20. e4 Bd4 21. Kh1 f5 22. Bxc3 bxc3 23. f4 fxe4 24. Ne5 Bxe5 25. fxe5 Qxe5 26. Rae1 Qd4 27. Rd1 e3 28. Rc1 Rxf1+ 29. Bxf1 Rf8 30. Qe2 g6 31. Qe1 Rf2 32. Kg1 c2 33. Ra1 Qd5 34. Qxe3 Rxg2+ 0-1


[Site "https://www.chess.com"]

[Event "Titled Tuesday Blitz March 07 Early 2023"]
[White "Hayrapetyan, Hovik"]
[Black "Richter, Paul"]
[WhiteFideId "13302639"]
[BlackFideId "2046350"]
[WhiteElo "2348"]
[BlackElo "2547"]
[Result "1-0"]
[Round "02"]
[TimeControl "180+2"]
[Date "2023.03.07"]
[WhiteClock "0:00:09"]
[BlackClock "0:00:01"]

1. d4 Nf6 2. c4 g6 3. Nc3 Bg7 4. Nf3 d6 5. g3 O-O 6. Bg2 Nbd7 7. O-O e5 8. e4 exd4 9. Nxd4 Re8 10. Re1 a6 11. Qc2 Rb8 12. h3 Ne5 13. b3 c5 14. Nde2 b5 15. cxb5 axb5 16. Bb2 b4 17. Na4 Qc7 18. Rad1 Bb7 19. Nf4 Ra8 20. Bxe5 Rxe5 21. Nd3 Rxe4 22. Bxe4 Bxe4 23. Rxe4 Nxe4 24. Nxb4 Ng5 25. Nd5 Qd8 26. h4 Nf3+ 27. Kg2 Nd4 28. Qe4 Rb8 29. Re1 h5 30. Nac3 Nf5 31. Ne2 Ra8 32. a4 Rb8 33. Rb1 Nd4 34. Nxd4 Bxd4 35. Ne7+ Kg7 36. Nc6 Qe8 37. Qxe8 Rxe8 38. a5 Rc8 39. Nxd4 cxd4 40. Kf3 Rc5 41. b4 Rc2 42. b5 d3 43. b6 d2 44. Rd1 Ra2 45. b7 Rb2 46. a6 Rb1 47. Rxb1 1-0


[Site "https://www.chess.com"]

[Event "Titled Tuesday Blitz March 07 Early 2023"]
[White "Khumalo, Keith"]
[Black "Pakleza, Zbigniew"]
[WhiteFideId "14319470"]
[BlackFideId "1119290"]
[WhiteElo "2056"]
[BlackElo "2410"]
[Result "0-1"]
[Round "02"]
[TimeControl "180+2"]
[Date "2023.03.07"]
[WhiteClock "0:01:02"]
[BlackClock "0:00:03"]

1. d4 d6 2. c4 e5 3. d5 f5 4. Nc3 Nf6 5. e4 fxe4 6. Nge2 Nbd7 7. Ng3 Nc5 8. Qc2 Nd3+ 9. Bxd3 exd3 10. Qxd3 Be7 11. O-O O-O 12. h3 a5 13. Be3 b6 14. Rae1 Bd7 15. f3 Be8 16. Qe2 Bg6 17. f4 exf4 18. Bxf4 Re8 19. Qf3 Qd7 20. Re6 Bf7 21. Re2 h6 22. Rfe1 Nh7 23. Nce4 Bh4 24. Bd2 Bg6 25. Rf1 Rf8 26. Qc3 Rae8 27. Rxf8+ Rxf8 28. Re3 Nf6 29. Nf2 Nh5 30. Nfh1 Bf6 31. Qb3 Bd4 32. Kh2 Bxe3 33. Qxe3 Qf7 34. Bc3 Nf4 35. a3 Re8 36. Qf3 Ne2 37. Qxf7+ Kxf7 38. Nxe2 Rxe2 39. Ng3 Rc2 40. Kg1 Bd3 41. h4 Bxc4 42. Nf5 Bxd5 43. Ne3 Rc1+ 44. Kf2 Be6 45. g4 c5 46. g5 hxg5 47. hxg5 d5 48. Be5 d4 49. Ng2 Rc2+ 50. Kg3 Rxb2 51. Nf4 g6 52. Bc7 a4 53. Kh4 b5 54. Nd3 Rb3 55. Nxc5 Rh3# 0-1


[Site "https://www.chess.com"]

[Event "Titled Tuesday Blitz March 07 Early 2023"]
[White "Acor, Corey"]
[Black "Sanchez Enriquez, Oscar Gerardo"]
[WhiteFideId "2024861"]
[BlackFideId "5106311"]
[WhiteElo "2341"]
[BlackElo "2387"]
[Result "1-0"]
[Round "02"]
[TimeControl "180+2"]
[Date "2023.03.07"]
[WhiteClock "0:00:30"]
[BlackClock "0:00:45"]

1. e4 d5 2. exd5 Nf6 3. Nc3 Nxd5 4. g3 Bf5 5. Bg2 c6 6. Nge2 e6 7. d4 Be7 8. O-O O-O 9. Ne4 Nf6 10. Nxf6+ Bxf6 11. c3 Nd7 12. Re1 Qb6 13. Nf4 Rfd8 14. Qe2 c5 15. d5 e5 16. Nh5 Bg6 17. Nxf6+ Qxf6 18. f4 e4 19. Bxe4 Re8 20. Qf3 Qb6 21. f5 Ne5 22. Qe2 Bxf5 23. Bxf5 g6 24. Be4 f5 25. Bg2 Nd3 26. Qxe8+ Rxe8 27. Rxe8+ Kf7 28. Re2 Qa6 29. Bg5 h6 30. Bxh6 c4 31. Rd1 Qb6+ 32. Be3 Qa5 33. d6 Qa4 34. b3 cxb3 35. Bd5+ Kf6 36. axb3 Qa6 37. Bc4 Qxd6 38. Rxd3 Qc7 39. Bf4 Qc5+ 40. Kg2 Qc6+ 41. Kf2 Qb6+ 42. Rd4 Kg7 43. Re7+ Kf8 44. Bd6 1-0


[Site "https://www.chess.com"]

[Event "Titled Tuesday Blitz March 07 Early 2023"]
[White "Krstulovic, Alex"]
[Black "Santos Ruiz, Miguel"]
[WhiteFideId "760056"]
[BlackFideId "22291482"]
[WhiteElo "2311"]
[BlackElo "2504"]
[Result "1/2-1/2"]
[Round "02"]
[TimeControl "180+2"]
[Date "2023.03.07"]
[WhiteClock "0:00:16"]
[BlackClock "0:00:08"]

1. Nf3 e6 2. d4 Nf6 3. Bf4 c5 4. e3 Nc6 5. Nc3 cxd4 6. exd4 Bb4 7. Bd3 Nd5 8. Bd2 Nxc3 9. bxc3 Be7 10. O-O d5 11. Qe2 Qc7 12. Rab1 b6 13. Rfe1 Bb7 14. a4 h6 15. g3 g5 16. Bb5 Kf8 17. Bxc6 Bxc6 18. Ne5 Be8 19. c4 dxc4 20. Qf3 Rd8 21. Ng6+ Kg7 22. Nxh8 Kxh8 23. d5 Rxd5 24. Bc3+ Kg8 25. Rbd1 Bc6 26. Qh5 Bf8 27. Rxd5 Bxd5 28. h4 Bb7 29. hxg5 Qc6 30. f3 Qxf3 31. Qxf3 Bxf3 32. gxh6 Bxh6 33. a5 b5 34. a6 Bg7 35. Bxg7 Kxg7 36. Re3 Bd5 37. Kf2 b4 38. Re5 Kf6 39. Rh5 b3 40. cxb3 cxb3 41. Rh4 Ke5 42. Rb4 Kd6 43. Ke3 Kc5 44. Rb8 Bc4 45. Kd2 Bxa6 46. Rxb3 Bc4 47. Ra3 a6 48. Kc3 f5 49. Ra5+ Bb5 50. Ra1 Kd5 51. Rd1+ Ke5 52. Re1+ Kf6 53. Kd4 a5 54. Kc5 Be8 55. Kd6 Bf7 56. Ra1 Kg5 57. Ra4 Kf6 58. Rxa5 Bh5 59. Ra4 Bf3 60. Ra3 Bd5 61. Re3 Kg5 62. Ke5 Kg4 63. Kf6 f4 64. gxf4 Kxf4 65. Re5 Bc4 66. Rxe6 Bxe6 1/2-1/2


[Site "https://www.chess.com"]